 Dungeon Crawl Stone Soup version 0.29.0-7-g18a832c13a (webtiles) character file.

Game seed: 7914356631696624512

457 Alfie the Cutter (level 7, -1/60 HPs)
             Began as a Hill Orc Fighter on Aug 30, 2022.
             Slain by an ogre
             ... wielding a +0 giant club
              (22 damage)
             ... on level 4 of the Dungeon.
             The game lasted 00:07:54 (3298 turns).

Alfie the Cutter (Hill Orc Fighter)                 Turns: 3298, Time: 00:07:55

Health: -1/60      AC: 13    Str: 21    XL:     7   Next: 6%
Magic:  7/7        EV:  9    Int:  8    God:
Gold:   191        SH:  4    Dex: 10    Spells: 6/6 levels left

rFire   . . .      SeeInvis .   a - +1 rapier
rCold   . . .      Faith    .   c - +0 buckler
rNeg    . . .      Spirit   .   b - +1 scale mail
rPois   .          Reflect  .   (no helmet)
rElec   .          Harm     .   (no cloak)
rCorr   .          Rampage  .   e - +0 pair of gloves
Will    .....                   (no boots)
Stlth   ..........              (no amulet)
HPRegen 0.20/turn               g - +4 ring of protection
MPRegen 0.10/turn               (no ring)

@: no status effects
A: no striking features
a: no special abilities


You were on level 4 of the Dungeon.
You visited 1 branch of the dungeon, and saw 4 of its levels.

You collected 191 gold pieces.

Inventory:

Hand Weapons
 a - a +1 rapier (weapon)
Missiles
 j - 5 boomerangs (quivered)
Armour
 b - a +1 scale mail (worn)
 c - a +0 buckler (worn)
 e - a +0 pair of gloves (worn)
 r - a +0 pair of boots
Jewellery
 g - a +4 ring of protection (left hand)
 l - a ring of wizardry
 o - a +6 ring of intelligence
Wands
 p - a wand of acid (10)
Scrolls
 f - 2 scrolls of identify {unknown}
 m - a scroll of immolation {unknown}
 q - a scroll of blinking {unknown}
 s - a scroll of magic mapping {unknown}
Potions
 d - 3 potions of might
 h - 2 potions of curing {unknown}
 i - a potion of heal wounds
 k - 2 potions of lignification {unknown}
 n - 2 potions of invisibility {unknown}


   Skills:
 + Level 4.9 Fighting
 + Level 5.1 Short Blades
 + Level 0.1 Throwing
 + Level 4.8 Armour
 + Level 1.3 Dodging
 + Level 0.5 Stealth
 + Level 3.9 Shields


You had 6 spell levels left.
You didn't know any spells.
Your spell library contained the following spells:

 Spells                   Type           Power      Damage    Failure   Level
 Blink                    Tloc           0%         N/A       92%         2
 Call Canine Familiar     Summ           0%         N/A       99%         3
 Inner Flame              Hex/Fire       0%         N/A       99%         3
 Portal Projectile        Hex/Tloc       0%         N/A       99%         3
 Cause Fear               Hex            0%         N/A       100%        4
 Leda's Liquefaction      Hex/Erth       0%         N/A       100%        4
 Manifold Assault         Tloc           0%         N/A       100%        5
 Storm Form               Tmut/Air       0%         N/A       100%        7
 Discord                  Hex            0%         N/A       100%        8


Dungeon Overview and Level Annotations

Branches:
Dungeon (4/15)
 Temple: D:4-7

Altars:
Nemelex Xobeh
Qazlal


Message History

You closely miss the hobgoblin.
The hobgoblin is almost dead.
The hobgoblin hits you but does no damage.
You closely miss the hobgoblin.
The hobgoblin is almost dead.
You block the hobgoblin's attack.
You hit the hobgoblin.
You kill the hobgoblin!
You see here a hobgoblin corpse.
Found a fuming clear potion.
Eustachio the Magnificent comes into view.
He is wielding a +0 rapier and carrying a wand of flame (22).
Found a stormy altar of Qazlal.
Eustachio mumbles some strange words.
Eustachio blinks!
Eustachio moves out of view.
You now have 191 gold pieces (gained 14).
Eustachio casts a spell.
Eustachio blinks!
An ogre comes into view. It is wielding a +0 giant club.
The ogre shouts!
Eustachio zaps a wand.
The puff of flame hits you but does no damage.
Eustachio is engulfed in a cloud of scalding steam.
Eustachio mumbles some strange words.
Eustachio is engulfed in a cloud of scalding steam.
Eustachio zaps a wand.
The puff of flame hits you!
You barely miss the river rat.
Eustachio is engulfed in a cloud of scalding steam.
The river rat closely misses you.
You hit the river rat but do no damage. The ogre hits you with a +0 giant club!
Eustachio is engulfed in a cloud of scalding steam.
The river rat bites you. The ogre hits you with a +0 giant club!
Eustachio is engulfed in a cloud of scalding steam.
Eustachio dies!
The river rat disappears in a puff of smoke!
The ogre barely misses you.
You hit the ogre.
The ogre is lightly wounded.
The ogre hits you with a +0 giant club!!
You die...

#.#........#
#...######.##
#########...###
.......†...#
.........#.#
#####.#.##.#
#.#.##.#
#.#.##.#
#.#.##@#
##.#..#O#
#...)...#
.....~~~~..#
.###.§.~§!.#
#.§~§.§.#
#..§~§~.#
#..~...~..
#........##


You could see an ogre.

Vanquished Creatures
  Sigmund (D:2)
  A black bear (D:4)
  An iguana (D:3)
  Terence (D:2)
  An orc wizard (D:3)
  A gnoll (D:3)
  4 adders
  4 worms (D:2)
  A dart slug (D:1)
  5 orcs
  3 ball pythons (D:1)
  8 bats
  6 endoplasms
  2 giant cockroaches
  8 goblins
  5 hobgoblins
  6 kobolds
  5 quokkas
  2 frilled lizards (D:3)
  5 rats
  A spectral goblin (D:3)
71 creatures vanquished.

Vanquished Creatures (others)
  Eustachio (D:4)
1 creature vanquished.

Grand Total: 72 creatures vanquished

Notes
Turn   | Place    | Note
-------+----------+-------------------------------------------
     0 | D:1      | Alfie the Hill Orc Fighter began the quest for the Orb.
     0 | D:1      | Reached XP level 1. HP: 19/19 MP: 1/1
   170 | D:1      | Reached XP level 2. HP: 27/27 MP: 2/2
   432 | D:1      | Reached XP level 3. HP: 33/33 MP: 3/3
   882 | D:2      | Noticed Sigmund
   913 | D:2      | Killed Sigmund
   914 | D:2      | Reached skill level 3 in Short Blades
   914 | D:2      | Reached skill level 1 in Dodging
   914 | D:2      | Reached XP level 4. HP: 14/41 MP: 4/4
   914 | D:2      | Reached XP level 5. HP: 16/47 MP: 5/5
   938 | D:2      | Reached skill level 4 in Short Blades
  1382 | D:2      | Reached XP level 6. HP: 53/53 MP: 6/6
  1400 | D:2      | Noticed Terence
  1429 | D:2      | Killed Terence
  1746 | D:2      | You fall into a shaft and drop 2 floors!
  2374 | D:3      | Found a faded altar of an unknown god.
  2710 | D:3      | Identified the +1 sling "Waideb" {flame, Contam rPois rCorr
                  | Dex+2}
  2725 | D:3      | Found a sparkling altar of Nemelex Xobeh.
  3049 | D:4      | Noticed a black bear
  3072 | D:4      | Killed a black bear
  3073 | D:4      | Reached skill level 5 in Short Blades
  3073 | D:4      | Reached XP level 7. HP: 36/60 MP: 7/7
  3283 | D:4      | Found a stormy altar of Qazlal.
  3283 | D:4      | Noticed Eustachio
  3293 | D:4      | Killed Eustachio
  3298 | D:4      | Slain by an ogre

Illustrated notes

Levels and vault maps discovered:
D:1:      dpeg_arrival_pond, layout_basic
D:2:      layout_loops_ring, uniq_sigmund, uniq_terence
D:3:      minmay_spotlight, layout_loops_ring, mainiacjoe_overflow_boulevard,
          dreamdust_ecumenical_altar_drowned_temple, minmay_misc_feat_roman,
          st_stairs_11
D:4:      layout_loops_ring, nicolae_qazlal_scattered_showers, elyvilon_altar_3,
          uniq_edmund, uniq_eustachio

Skill      XL: |  1  2  3  4  5  6 |
---------------+-------------------+-----
Fighting       | 4 |  4.9
Short Blades   | 3 4 5 |  5.1
Armour         | 4 |  4.8
Dodging        | 1 |  1.3
Throwing       | |  0.1
Stealth        | |  0.5
Shields        | |  3.9

Action                   |  1- 3 |  4- 6 |  7- 9 || total
-------------------------+-------+-------+-------++-------
Melee: Rapier            |   105 |   201 |    14 ||   320
Throw: Boomerang         |       |     6 |     4 ||    10
  Use: Scroll            |     3 |     2 |       ||     5
       Potion            |       |     1 |       ||     1
Armor: Scale mail        |    49 |    90 |     4 ||   143
Dodge: Dodged            |    58 |    83 |     4 ||   145
Block: Buckler           |    23 |    47 |     4 ||    74
